General information
- name: BNet
- type: Ladder team game (AT/RT)
- host: Battle.net
- saver: DearGod
map: Deadlock
- players: 8
- length: 44:08
- speed: Fast
- version: 1.26 W3XP
- replay type: Public
» download(241 KB)
Players
team 1 (winner)

»
Panda[cn]feedme (
teal | 47 APM | 810 actions | 17:22)
3 Demon Hunter
1 Evasion
2 Mana Burn
» actions
| Assign group hotkey | 23 | |
| Basic commands | 164 | |
| Build / train | 55 | |
| Enter build submenu | 28 | |
| Enter hero's abilities submenu | 3 | |
| Give item / drop item | 1 | |
| Remove unit from queue | 22 | |
| Right click | 158 | |
| Select / deselect | 214 | |
| Select group hotkey | 63 | |
| Use ability | 79 | |
810 total
» units
» upgrades
» buildings
| Altar of Elders | 4 | |
| Moon Well | 6 | |
| Ancient of War | 4 | |
| Tree of Life | 3 | |
| Hunter's Hall | 1 | |
| Tree of Ages | 1 | |
| Ancient of Lore | 2 | |
| Ancient of Wonders | 1 | |
| Ancient Protector | 1 | |
23 total
» build order
00:07 Altar of Elders
00:12 Moon Well
01:11 Moon Well
02:25 Ancient of War
02:37 Tree of Life
02:50 Hunter's Hall
03:15 Ancient of War
03:23 Moon Well
05:31 Tree of Ages
08:15 Ancient of Lore
08:29 Ancient of Lore
08:36 Moon Well
08:38 Moon Well
08:46 Ancient of Wonders
08:57 Tree of Life
10:04 Tree of Life
11:10 Ancient of War
11:12 Ancient of War
12:14 Ancient Protector
14:14 Altar of Elders
15:08 Altar of Elders
15:26 Altar of Elders
15:55 Moon Well
» items
| Boots of Speed | 1 | |
| Staff of Teleportation | 1 | |
| Dust of Appearance | 1 | |
| Healing Salve | 3 | |
| Potion of Healing | 1 | |
7 total
Yvralord_Spain (
orange | 81 APM | 2029 actions | 25:07)
5 Mountain King
3 Storm Bolt
2 Bash
3 Paladin
2 Holy Light
1 Divine Shield
» actions
| Assign group hotkey | 48 | |
| Basic commands | 1 | |
| Build / train | 120 | |
| Enter build submenu | 21 | |
| Enter hero's abilities submenu | 8 | |
| Remove unit from queue | 3 | |
| Right click | 833 | |
| Select / deselect | 210 | |
| Select group hotkey | 666 | |
| Use ability | 119 | |
2029 total
» units
» upgrades
| Gunpowder | 3 | |
| Armor | 3 | |
| Long Rifles | 1 | |
| Lumber Harvesting | 2 | |
| Masonry | 3 | |
12 total
» buildings
| Altar of Kings | 1 | |
| Farm | 7 | |
| Blacksmith | 1 | |
| Barracks | 1 | |
| Scout Tower | 24 | |
| Arcane Tower | 3 | |
| Lumber Mill | 1 | |
| Guard Tower | 17 | |
| Arcane Vault | 1 | |
| Keep | 2 | |
| Castle | 3 | |
| Gryphon Aviary | 2 | |
63 total
» build order
00:24 Altar of Kings
00:37 Farm
01:00 Blacksmith
01:39 Barracks
01:43 Farm
02:10 Scout Tower
02:18 Farm
02:22 Farm
03:01 Arcane Tower
03:01 Arcane Tower
03:43 Lumber Mill
04:18 Farm
04:39 Scout Tower
04:42 Scout Tower
05:51 Guard Tower
05:52 Guard Tower
06:05 Scout Tower
06:06 Scout Tower
06:10 Guard Tower
06:10 Guard Tower
06:28 Arcane Vault
06:46 Keep
06:46 Keep
07:02 Guard Tower
07:06 Farm
07:06 Farm
08:12 Guard Tower
08:12 Guard Tower
09:22 Scout Tower
09:22 Scout Tower
09:49 Scout Tower
09:49 Scout Tower
10:43 Guard Tower
10:44 Guard Tower
11:44 Castle
11:44 Castle
11:45 Castle
13:34 Scout Tower
13:36 Scout Tower
14:55 Scout Tower
14:56 Scout Tower
14:56 Scout Tower
14:57 Scout Tower
14:58 Scout Tower
14:58 Scout Tower
15:34 Guard Tower
15:34 Guard Tower
16:27 Scout Tower
16:28 Scout Tower
16:29 Scout Tower
16:30 Scout Tower
16:31 Scout Tower
16:33 Scout Tower
17:35 Guard Tower
17:37 Scout Tower
18:07 Guard Tower
18:07 Guard Tower
18:08 Guard Tower
18:15 Gryphon Aviary
18:17 Gryphon Aviary
» items
| Lesser Clarity Potion | 2 | |
| Scroll of Protection | 2 | |
| Scroll of Town Portal | 2 | |
| Staff of Sanctuary | 1 | |
7 total
NihilReichEst (
blue | 117 APM | 5153 actions | 44:08)
7 Blademaster
3 Wind Walk
3 Critical Strike
1 Bladestorm
» actions
| Assign group hotkey | 92 | |
| Basic commands | 77 | |
| Build / train | 166 | |
| ESC pressed | 38 | |
| Enter build submenu | 109 | |
| Enter hero's abilities submenu | 7 | |
| Give item / drop item | 18 | |
| Right click | 1695 | |
| Select / deselect | 529 | |
| Select group hotkey | 2125 | |
| Use ability | 297 | |
5153 total
» units
| Peon | 50 | |
| Grunt | 12 | |
| Wind Rider | 8 | |
| Troll Batrider | 5 | |
75 total
» upgrades
| Pillage | 1 | |
| Berserker Strength | 1 | |
| Spiked Barricades | 3 | |
| Armor | 3 | |
| Reinforced Defenses | 1 | |
| Ranged Weapons | 3 | |
| Envenomed Spears | 1 | |
| Liquid Fire | 1 | |
| Ensnare | 2 | |
| Backpack | 1 | |
| Melee Weapons | 1 | |
18 total
» buildings
| Altar of Storms | 2 | |
| Orc Burrow | 13 | |
| Barracks | 1 | |
| Voodoo Lounge | 3 | |
| Great Hall | 4 | |
| Stronghold | 6 | |
| War Mill | 2 | |
| Watch Tower | 54 | |
| Fortress | 8 | |
| Beastiary | 9 | |
102 total
» build order
00:09 Altar of Storms
00:13 Orc Burrow
00:22 Barracks
01:35 Orc Burrow
02:13 Voodoo Lounge
03:10 Orc Burrow
04:29 Great Hall
04:34 Great Hall
05:31 Stronghold
05:31 Stronghold
07:15 War Mill
08:19 Great Hall
08:31 Watch Tower
08:33 Watch Tower
08:36 Watch Tower
09:47 Watch Tower
10:05 Fortress
10:05 Fortress
10:20 Watch Tower
10:41 Watch Tower
10:45 Watch Tower
11:00 Watch Tower
11:22 Watch Tower
11:43 Watch Tower
12:38 Watch Tower
12:39 Watch Tower
12:43 Watch Tower
12:45 Watch Tower
12:53 Watch Tower
13:09 Voodoo Lounge
14:04 Watch Tower
14:38 Watch Tower
14:38 Watch Tower
15:23 Watch Tower
15:24 Watch Tower
15:26 Watch Tower
16:07 Beastiary
16:42 Beastiary
17:19 Watch Tower
17:34 Watch Tower
17:59 Beastiary
18:02 Beastiary
18:27 Watch Tower
18:31 Watch Tower
18:32 Watch Tower
18:38 Watch Tower
18:55 Watch Tower
19:30 Watch Tower
19:46 Watch Tower
20:08 Watch Tower
20:12 Watch Tower
20:52 Watch Tower
20:55 Watch Tower
21:11 Watch Tower
21:14 Watch Tower
21:57 Watch Tower
22:00 Watch Tower
22:01 Watch Tower
22:06 Watch Tower
23:08 Orc Burrow
23:09 Orc Burrow
23:32 Orc Burrow
23:34 Watch Tower
24:10 Stronghold
24:10 Stronghold
24:10 Stronghold
24:53 Voodoo Lounge
25:01 Orc Burrow
25:53 Orc Burrow
26:11 War Mill
27:21 Beastiary
27:28 Beastiary
27:29 Beastiary
27:34 Beastiary
27:46 Orc Burrow
27:51 Watch Tower
28:07 Altar of Storms
28:28 Orc Burrow
28:32 Orc Burrow
28:54 Orc Burrow
29:02 Orc Burrow
29:10 Fortress
29:10 Fortress
29:10 Fortress
29:13 Watch Tower
29:14 Watch Tower
29:15 Watch Tower
29:16 Watch Tower
29:41 Watch Tower
30:55 Watch Tower
31:19 Watch Tower
31:23 Watch Tower
31:27 Watch Tower
33:20 Beastiary
34:45 Watch Tower
34:45 Watch Tower
34:46 Watch Tower
35:12 Great Hall
» items
| Healing Salve | 7 | |
| Boots of Speed | 4 | |
| Lesser Clarity Potion | 6 | |
| Scroll of Town Portal | 4 | |
| Scroll of Speed | 1 | |
| Orb of Lightning | 1 | |
| Tiny Great Hall | 1 | |
| Potion of Mana | 2 | |
| Potion of Healing | 1 | |
27 total
alohaha1 (
pink | 18 APM | 793 actions | 44:08)
6 Paladin
3 Divine Shield
2 Holy Light
1 Resurrection
» actions
| Build / train | 86 | |
| Enter build submenu | 35 | |
| Enter hero's abilities submenu | 6 | |
| Remove unit from queue | 1 | |
| Right click | 356 | |
| Select / deselect | 258 | |
| Use ability | 51 | |
793 total
» units
| Peasant | 15 | |
| Rifleman | 22 | |
| Gryphon Rider | 15 | |
52 total
» upgrades
| Gunpowder | 3 | |
| Armor | 3 | |
| Masonry | 3 | |
| Long Rifles | 1 | |
| Lumber Harvesting | 2 | |
| Swords | 3 | |
| Storm Hammers | 1 | |
16 total
» buildings
| Lumber Mill | 2 | |
| Farm | 13 | |
| Altar of Kings | 1 | |
| Blacksmith | 1 | |
| Barracks | 2 | |
| Scout Tower | 5 | |
| Arcane Tower | 1 | |
| Arcane Vault | 1 | |
| Guard Tower | 4 | |
| Town Hall | 2 | |
| Keep | 1 | |
| Gryphon Aviary | 4 | |
| Castle | 1 | |
38 total
» build order
00:25 Lumber Mill
01:07 Farm
01:24 Altar of Kings
01:40 Blacksmith
01:49 Farm
01:54 Barracks
02:09 Barracks
02:33 Farm
03:27 Farm
04:18 Farm
04:30 Scout Tower
05:04 Arcane Tower
05:09 Scout Tower
05:30 Arcane Vault
05:51 Guard Tower
06:30 Town Hall
06:55 Keep
08:45 Farm
08:55 Farm
09:28 Gryphon Aviary
09:50 Lumber Mill
12:14 Castle
12:22 Gryphon Aviary
12:58 Gryphon Aviary
13:04 Gryphon Aviary
13:57 Farm
14:21 Farm
15:32 Farm
15:39 Farm
15:45 Farm
16:47 Scout Tower
17:17 Farm
17:18 Guard Tower
17:29 Scout Tower
18:46 Guard Tower
18:50 Scout Tower
20:38 Guard Tower
31:32 Town Hall
» items
| Scroll of Town Portal | 2 | |
| Scroll of Regeneration | 1 | |
3 total
team 2 (loser)
l11 (
yellow | 27 APM | 1188 actions | 44:08)
8 Beastmaster
3 Summon Bear
3 Summon Hawk
1 Stampede
1 Summon Quilbeast
» actions
| Basic commands | 13 | |
| Build / train | 122 | |
| Enter build submenu | 15 | |
| Enter hero's abilities submenu | 8 | |
| Right click | 460 | |
| Select / deselect | 491 | |
| Use ability | 79 | |
1188 total
» units
| Wisp | 35 | |
| Huntress | 21 | |
| Razormane Medicine Man | 2 | |
| Hippogryph | 15 | |
| Glaive Thrower | 7 | |
| Siege Engine | 15 | |
95 total
» upgrades
| Strength of the Moon | 3 | |
| Moon Armor | 4 | |
| Sentinel | 1 | |
| Upgrade Moon Glaive | 1 | |
| Vorpal Blades | 2 | |
| Nature's Blessing | 1 | |
| Strength of the Wild | 1 | |
| Reinforced Hides | 1 | |
| Ultravision | 1 | |
15 total
» buildings
| Moon Well | 6 | |
| Altar of Elders | 1 | |
| Hunter's Hall | 1 | |
| Ancient of War | 2 | |
| Tree of Ages | 1 | |
| Tree of Life | 3 | |
| Tree of Eternity | 1 | |
| Ancient of Wind | 2 | |
17 total
» build order
00:19 Moon Well
01:10 Altar of Elders
02:05 Hunter's Hall
02:09 Ancient of War
02:15 Ancient of War
03:00 Moon Well
03:06 Moon Well
06:21 Moon Well
07:06 Tree of Ages
10:53 Moon Well
10:58 Tree of Life
11:52 Moon Well
15:30 Tree of Eternity
16:45 Ancient of Wind
16:48 Ancient of Wind
17:31 Tree of Life
31:04 Tree of Life
» items
Number8 (
red | 32 APM | 1399 actions | 44:08)
8 Blademaster
3 Critical Strike
3 Wind Walk
1 Bladestorm
1 Mirror Image
» actions
| Assign group hotkey | 22 | |
| Build / train | 71 | |
| Enter build submenu | 23 | |
| Enter hero's abilities submenu | 8 | |
| Remove unit from queue | 10 | |
| Right click | 423 | |
| Select / deselect | 318 | |
| Select group hotkey | 386 | |
| Use ability | 138 | |
1399 total
» units
| Peon | 14 | |
| Grunt | 4 | |
| Wind Rider | 5 | |
| Kodo Beast | 2 | |
| Shaman | 3 | |
| Raider | -1 | |
| Troll Batrider | 11 | |
38 total
» upgrades
| Ranged Weapons | 3 | |
| Armor | 2 | |
| Shaman Training | 2 | |
| Envenomed Spears | 1 | |
| War Drums Damage Increase | 1 | |
| Liquid Fire | 1 | |
10 total
» buildings
| Orc Burrow | 6 | |
| Altar of Storms | 2 | |
| Barracks | 1 | |
| Voodoo Lounge | 1 | |
| Stronghold | 1 | |
| War Mill | 1 | |
| Fortress | 1 | |
| Spirit Lodge | 1 | |
| Beastiary | 3 | |
| Great Hall | 5 | |
22 total
» build order
00:21 Orc Burrow
00:28 Altar of Storms
00:38 Barracks
01:37 Voodoo Lounge
02:05 Orc Burrow
03:06 Stronghold
03:42 Stronghold
04:52 War Mill
06:10 Fortress
06:58 Spirit Lodge
07:00 Beastiary
07:01 Beastiary
07:14 Beastiary
08:18 Orc Burrow
10:11 Great Hall
13:18 Orc Burrow
14:31 Great Hall
18:24 Great Hall
21:29 Orc Burrow
22:23 Orc Burrow
28:07 Great Hall
30:08 Altar of Storms
30:26 Great Hall
» items
| Healing Salve | 2 | |
| Circlet of Nobility | 1 | |
| Lesser Clarity Potion | 2 | |
| Orb of Lightning | 1 | |
| Potion of Mana | 1 | |
| Scroll of Town Portal | 1 | |
| Potion of Lesser Invulnerability | 1 | |
9 total
DearGod (
green | 53 APM | 2333 actions | 44:08)
9 Archmage
3 Summon Water Elemental
3 Brilliance Aura
1 Mass Teleport
2 Blizzard
» actions
| Assign group hotkey | 52 | |
| Basic commands | 235 | |
| Build / train | 91 | |
| Enter build submenu | 51 | |
| Enter hero's abilities submenu | 9 | |
| Give item / drop item | 11 | |
| Remove unit from queue | 4 | |
| Right click | 954 | |
| Select / deselect | 426 | |
| Select group hotkey | 250 | |
| Use ability | 248 | |
2333 total
» units
| Peasant | 32 | |
| Footman | 4 | |
| Gryphon Rider | 5 | |
41 total
» upgrades
| Lumber Harvesting | 2 | |
| Masonry | 3 | |
| Swords | 3 | |
| Armor | 3 | |
| Animal War Training | 1 | |
| Storm Hammers | 1 | |
| Cloud | 1 | |
14 total
» buildings
| Altar of Kings | 1 | |
| Barracks | 1 | |
| Farm | 10 | |
| Arcane Vault | 1 | |
| Town Hall | 4 | |
| Keep | 1 | |
| Scout Tower | 26 | |
| Lumber Mill | 3 | |
| Guard Tower | 10 | |
| Castle | 1 | |
| Gryphon Aviary | 6 | |
| Blacksmith | 2 | |
66 total
» build order
00:42 Altar of Kings
00:44 Barracks
00:54 Farm
01:07 Farm
01:10 Farm
02:04 Farm
03:20 Arcane Vault
05:28 Town Hall
05:30 Keep
05:57 Scout Tower
05:58 Scout Tower
06:01 Lumber Mill
06:05 Scout Tower
06:16 Town Hall
09:28 Scout Tower
09:28 Scout Tower
09:28 Scout Tower
09:30 Scout Tower
09:30 Scout Tower
09:36 Scout Tower
09:37 Scout Tower
09:37 Scout Tower
09:38 Scout Tower
09:38 Scout Tower
09:59 Guard Tower
10:02 Guard Tower
10:25 Scout Tower
10:28 Scout Tower
10:36 Castle
11:22 Guard Tower
11:27 Lumber Mill
11:30 Gryphon Aviary
11:32 Gryphon Aviary
11:34 Gryphon Aviary
11:36 Gryphon Aviary
11:53 Guard Tower
12:55 Blacksmith
12:57 Blacksmith
13:36 Farm
13:36 Farm
13:48 Scout Tower
13:49 Scout Tower
13:54 Scout Tower
13:55 Scout Tower
14:24 Guard Tower
15:02 Guard Tower
16:51 Town Hall
16:55 Scout Tower
16:56 Scout Tower
16:56 Scout Tower
16:56 Scout Tower
16:57 Scout Tower
16:58 Scout Tower
16:58 Scout Tower
17:35 Guard Tower
17:37 Guard Tower
17:42 Guard Tower
18:12 Guard Tower
22:02 Lumber Mill
23:43 Town Hall
24:23 Farm
24:23 Farm
24:25 Farm
24:28 Farm
24:58 Gryphon Aviary
25:02 Gryphon Aviary
» items
| Scroll of Regeneration | 3 | |
| Periapt of Vitality | 3 | |
| Potion of Lesser Invulnerability | 1 | |
| Scroll of Town Portal | 2 | |
| Staff of Teleportation | 1 | |
10 total

»
BigMontersss (
purple | 30 APM | 799 actions | 26:44)
7 Archmage
3 Blizzard
3 Summon Water Elemental
1 Brilliance Aura
» actions
| Basic commands | 17 | |
| Build / train | 63 | |
| Enter build submenu | 27 | |
| Enter hero's abilities submenu | 7 | |
| Remove unit from queue | 1 | |
| Right click | 373 | |
| Select / deselect | 257 | |
| Use ability | 54 | |
799 total
» units
| Peasant | 14 | |
| Rifleman | 6 | |
| Siege Engine | 8 | |
28 total
» upgrades
| Gunpowder | 3 | |
| Armor | 2 | |
| Masonry | 3 | |
| Long Rifles | 1 | |
| Lumber Harvesting | 2 | |
| Plating | 3 | |
| Barrage | 1 | |
15 total
» buildings
| Farm | 14 | |
| Altar of Kings | 1 | |
| Barracks | 2 | |
| Lumber Mill | 2 | |
| Blacksmith | 1 | |
| Arcane Vault | 1 | |
| Keep | 1 | |
| Scout Tower | 3 | |
| Arcane Tower | 3 | |
| Guard Tower | 1 | |
| Castle | 1 | |
| Workshop | 3 | |
33 total
» build order
00:06 Farm
00:09 Altar of Kings
00:13 Barracks
00:16 Farm
01:45 Lumber Mill
02:33 Blacksmith
02:38 Farm
02:57 Barracks
03:34 Farm
03:54 Arcane Vault
04:19 Farm
05:00 Farm
06:12 Keep
06:56 Scout Tower
07:24 Scout Tower
07:32 Arcane Tower
07:54 Farm
07:55 Arcane Tower
08:42 Scout Tower
09:34 Arcane Tower
09:37 Farm
10:19 Farm
11:22 Guard Tower
11:27 Castle
14:07 Workshop
14:10 Workshop
14:14 Workshop
17:44 Lumber Mill
19:42 Farm
19:44 Farm
19:46 Farm
19:56 Farm
19:59 Farm
» items
| Potion of Healing | 1 | |
| Scroll of Regeneration | 1 | |
| Ivory Tower | 3 | |
5 total
Chat log
(00:15 / All) Number8: gl & hf
(00:18 / All) NihilReichEst: gl hf
(00:32 / All) DearGod: BAD LUCK
(00:34 / All) DearGod: DO NOT HAVE ANY FUN
(00:44 / All) NihilReichEst: MANNER UP
(00:47 / All) Yvralord_Spain: i no need luck
(00:48 / All) NihilReichEst: WE WILL HAVE FUN
(00:49 / All) Yvralord_Spain: i neeed a girl
(00:50 / All) NihilReichEst: EVEN IF NOBODY ELSE DOES
(00:52 / All) Yvralord_Spain: :)
(00:57 / All) NihilReichEst: YOU WILL TO KEEP HER
(00:58 / All) NihilReichEst: BRO
(01:17 / All) DearGod: I hope you faggots choke on your pizza rolls
(01:17 / All) NihilReichEst: SCOUTING IN 4v4 WTF
(01:21 / All) DearGod: I want this win, I NEED IT BAD
(01:28 / All) DearGod: AND I NEED IT BAD
(01:31 / All) DearGod: CUZ I NEED IT BAD
(01:32 / All) DearGod: CUZ I DO
(01:49 / Allies) Number8: kill teal wips
(01:55 / All) NihilReichEst: FUCAKDAWUDAGH GYUIAWHUI AWD
(01:57 / All) NihilReichEst: CANCELED WRONG UNTI
(01:59 / All) NihilReichEst: MOTEHRCVUECKEdr
(02:14 / All) DearGod: God smiles on the little children
(02:23 / All) DearGod: He's got the whole wide world in his hands
(02:24 / All) NihilReichEst: SUCH AS OUR FRIEND JACOB
(02:29 / All) DearGod: (except in Connecticutt)
(02:30 / Allies) Number8: rush him?
(03:20 / Allies) Number8: come pliz
(03:22 / Allies) Number8: rush teal
(04:26 / All) NihilReichEst: GARBAGE PLAY FROM ME THIS GAME BUT IT'S OKAY BECAUSE I GOT A PENDANT OF ENERGY
(04:49 / Allies) DearGod: you there yellow
(06:07 / Allies) BigMontersss: kill gold mine
(08:17 / All) DearGod: fucking faggot
(09:20 / Allies) Number8: wtf man?
(10:39 / Allies) DearGod: lumber
(11:12 / All) DearGod: hahaha
(11:15 / All) DearGod: fucking spanish bastard
(11:56 / All) NihilReichEst: TEAL IS TK
(12:00 / All) Panda[cn]feedme: indeed
(12:09 / All) Yvralord_Spain: nooob
(12:18 / All) Number8: go to sleep :*
(12:37 / Allies) Number8: gold pliz
(12:43 / Allies) DearGod: make shop yellow
(12:49 / All) DearGod: zzz
(13:00 / All) NihilReichEst: OUT
(13:09 / Allies) Number8: share gold green
(13:12 / All) BigMontersss: dl porn shut up
(13:21 / All) NihilReichEst: FUCK
(13:23 / All) NihilReichEst: GET OUT
(13:29 / Allies) Number8: green.... omg
(13:31 / All) NihilReichEst: TRYING TO MICRO AGAINST TEAL
(13:38 / All) NihilReichEst: FUCKING NIGGER
(13:39 / All) DearGod: this map is horrible for lumber
(13:54 / All) Panda[cn]feedme: blue got down exe in mid
(13:54 / All) Number8: dude have 6h gold and he is not share ig
(14:06 / Allies) DearGod: I need woiod
(14:11 / All) Number8: some duds are not for multyplay games :/
(14:18 / All) NihilReichEst: LIKE TEAL
(14:33 / Allies) DearGod: WELL GIVE ME LUMBER THEN
(14:35 / Allies) DearGod: HYPOCRITE
(14:45 / All) DearGod: orange hacker?
(14:45 / Allies) Number8: drop dead
(14:56 / All) DearGod: Orange is for sure a hacker
(15:07 / All) Yvralord_Spain: yes
(15:41 / All) NihilReichEst: HOLY SHIT
(15:42 / All) NihilReichEst: OR GET BETTER INTERNET
(15:43 / Allies) DearGod: turn off porn dlk
(15:47 / All) BigMontersss: i love porn
(15:51 / Allies) DearGod: download it after
(16:14 / All) NihilReichEst: OUT
(16:26 / All) Panda[cn]feedme: blue 7k hold
(16:30 / All) Panda[cn]feedme: hahah
(17:22 / Allies) DearGod: lubmer for gold
(17:41 / All) NihilReichEst: ORANGE IS A LUMBER HOARDER
(17:56 / All) DearGod: tell me about it
(18:06 / All) NihilReichEst: HE ONLY GAVE ME 500 HE HAS 2K WOOD
(18:17 / Allies) Number8: now give me gold asshole
(18:20 / Allies) DearGod: hang on
(18:28 / Allies) Number8: u wont?
(18:48 / All) Number8: we have teamkiller 2
(18:49 / All) Number8: me
(20:51 / All) Yvralord_Spain: TP NOOOOBS
(20:58 / All) NihilReichEst: GIVE ME YOUR WOOD
(21:00 / All) NihilReichEst: OR ELSE I WONT TP
(21:00 / All) Yvralord_Spain: 3 nooobs here
(21:02 / All) NihilReichEst: NOT 600 YOU HAVE 2K
(21:05 / All) Yvralord_Spain: BYE NOOOBS
(21:09 / All) Yvralord_Spain: you suck nerds
(21:18 / All) Yvralord_Spain: ORC HAVE 12000 gold
(21:20 / All) Yvralord_Spain: pathetic nooob
(21:30 / All) Yvralord_Spain: 3 big noooobs here
(21:32 / All) NihilReichEst: I ONLY GOT 200 WOOD
(21:34 / All) Yvralord_Spain: win alone nerd
(21:40 / All) Yvralord_Spain: lol
(21:44 / All) NihilReichEst: WOOD ME
(21:44 / All) Yvralord_Spain: worst noooob team
(21:49 / All) Yvralord_Spain: fuck me
(21:49 / All) NihilReichEst: GIVE ME YOUR WOOD SURELY YOU DONT NEED IT NOW?
(21:51 / All) Number8: my noob have 12k gold and he is now shareing
(21:51 / All) Yvralord_Spain: nerds
(22:09 / All) Yvralord_Spain: 49 foood and 12500 gold LO
(22:09 / All) Number8: God i hope this end of world gome 21. dec
(22:11 / All) Yvralord_Spain: LOL
(22:20 / All) Yvralord_Spain: noooobs die
(22:24 / All) Yvralord_Spain: you suck alll
(22:25 / Allies) DearGod: lumber for gold
(22:30 / All) Yvralord_Spain: more towers nerd
(22:35 / Allies) Number8: i gave u 500wood
(22:36 / Allies) Number8: NOOB
(22:39 / All) Yvralord_Spain: 13000 gold
(22:46 / Allies) Number8: pice of shit
(23:04 / All) Yvralord_Spain: die orc nooob
(23:22 / All) Yvralord_Spain: lol hero lvl 4
(23:30 / All) Yvralord_Spain: NIHI IS THE WORST NOOB IN BNET
(23:35 / All) Yvralord_Spain: LOL
(23:38 / All) Yvralord_Spain: LOL
(23:41 / All) Yvralord_Spain: Pathetic
(23:49 / All) Yvralord_Spain: die nerd
(23:56 / All) Yvralord_Spain: i hope your mother die tonight
(24:01 / All) Yvralord_Spain: fucking bitch
(24:09 / All) Yvralord_Spain: LOL
(24:13 / All) Yvralord_Spain: TP YES NERD
(24:22 / All) Yvralord_Spain: LOL WE LOSE 15 min ago
(24:23 / All) Yvralord_Spain: for you nerd
(24:33 / All) Yvralord_Spain: pathetic baby nooob
(24:37 / All) Yvralord_Spain: gg
(24:42 / All) Yvralord_Spain: easy with these 3 bastards
(24:52 / All) Yvralord_Spain: they suck alll
(25:03 / All) Yvralord_Spain: LOL
(25:06 / Allies) DearGod: wood?
(25:08 / Allies) DearGod: lumber please
(25:09 / Allies) DearGod: I spare gold
(25:27 / All) NihilReichEst: This is a stupid map for wood
(25:30 / All) NihilReichEst: I need WOOD WOOD WOOD
(25:33 / All) NihilReichEst: No allies give it
(25:37 / All) NihilReichEst: Can't mass towers and tech on this map
(25:39 / All) NihilReichEst: no wood to do it
(25:41 / All) BigMontersss: u noob
(25:45 / All) BigMontersss: mega noob
(25:49 / All) BigMontersss: play parchis
(26:02 / Allies) DearGod: purple give me wood now
(26:27 / Allies) DearGod: give wood purple
(26:59 / Allies) Number8: is this funny?
(27:02 / Allies) Number8: ha, asshole?
(27:07 / All) NihilReichEst: Finally holy shit
(27:09 / All) NihilReichEst: 1.1k wood
(27:12 / All) NihilReichEst: at the end of the game
(27:14 / All) Number8: HOPE UR MOTHER DIE TODOY!!!!
(27:15 / All) NihilReichEst: took this tard hoarder long enough
(27:27 / All) Number8: AND THE REST OF U PATETIC FAMYLI
(27:32 / All) Number8: GO DROP IN HEAL
(27:36 / All) NihilReichEst: lol
(27:51 / All) Number8: FKING RETARD
(28:17 / All) Number8: U CAN BLOW ME SLAVEEE!
(28:50 / All) Number8: u are my slave green, u know that?
(29:00 / All) DearGod: looks to be the other way around
(29:08 / All) Number8: u mother is a hore who give a birth to baster like u
(29:16 / All) DearGod: thank you
(29:23 / All) Number8: well, if u win here i win 2
(29:24 / All) DearGod: I'll tell her that next time I speak with her
(29:32 / All) DearGod: I ain't gonna win
(29:36 / All) Number8: now be a good dog
(29:44 / All) Number8: and complet victoru fomr me
(29:49 / All) Number8: come on
(29:53 / All) Number8: wuf wufff
(31:25 / Allies) Number8: wuf wufff asshole
(35:22 / All) NihilReichEst: It would be nice if pink left
(35:34 / All) alohaha1: wo is pink?
(35:38 / All) NihilReichEst: You
(35:50 / All) alohaha1: no i am busy
(35:55 / All) NihilReichEst: Leave
(35:58 / All) NihilReichEst: and you get a tie
(36:00 / All) NihilReichEst: instead of loss
(36:06 / All) alohaha1: coze i fuck ass ur mum mumm it is good
(36:23 / All) alohaha1: she is very very hot tonight
(36:35 / All) DearGod: Euros all say the same shit
(36:45 / All) NihilReichEst: It's always that same insult
(36:48 / All) alohaha1: yes i know
(36:48 / All) NihilReichEst: like the nipple man
(37:36 / All) l11: noob
(37:41 / All) NihilReichEst: I have 10k
(37:51 / All) NihilReichEst: I can make trades like that
(37:57 / All) Number8: this green slave have 26k :D
(38:30 / All) NihilReichEst: I got it
(39:03 / All) alohaha1: leave yellow
(39:16 / All) alohaha1: go play another game
(39:23 / All) NihilReichEst: Stay
(39:29 / All) NihilReichEst: You have an equal chance of winning to pink
(39:29 / All) Number8: i'm recording this... u 2 will be send report do blizzard
(39:32 / All) DearGod: No one shall win while I'm here
(39:33 / All) NihilReichEst: lol
(39:34 / All) alohaha1: u waste ur time yellow
(39:43 / All) NihilReichEst: Link me it when it's over, red
(39:44 / All) NihilReichEst: please
(39:47 / All) NihilReichEst: Want my email to send it?
(39:49 / All) Number8: And bitchiss like u will be band
(39:53 / All) l11: i go smoke than will see
(40:11 / All) NihilReichEst: We are going to kill everything including our own stuff
(40:18 / All) NihilReichEst: No side will be able to kill the other
(40:23 / All) NihilReichEst: You will have equal chances of winning
(40:27 / All) NihilReichEst: last one to leave leaves victorious
(40:28 / All) NihilReichEst: Sound fair/
(40:31 / All) NihilReichEst: Best internet wins
(44:06 / All) DearGod: Farewell, eurotrash